 Dungeon Crawl Stone Soup version 0.22.1-2-g9c5b331 (webtiles) character file.

35 Heatsaber the Conjurer (level 3, 0/16 HPs)
             Began as a Vine Stalker Conjurer on Dec 23, 2018.
             Slain by an adder (2 damage)
             ... on level 2 of the Dungeon.
             The game lasted 00:07:24 (1054 turns).

Heatsaber the Conjurer (Vine Stalker Conjurer)      Turns: 1054, Time: 00:07:25

Health: 0/16       AC:  2    Str: 10    XL:     3   Next: 35%
Magic:  0/8        EV: 11    Int: 16    God:
Gold:   113        SH:  0    Dex: 14    Spells: 5/8 levels left

rFire    . . .     SeeInvis .   e - +0 club
rCold    . . .     Gourm    .   (no shield)
rNeg     . . .     Faith    .   a - +0 robe
rPois    .         Spirit   +   (no helmet)
rElec    .         Reflect  .   (no cloak)
rCorr    .         Harm     .   (no gloves)
MR       .....                  (no boots)
Stlth    +.........             (no amulet)
HPRegen  0.05/turn              n - ring of attention (curse)
MPRegen  0.11/turn              (no ring)

@: very slightly contaminated, heavily drained
A: fangs 2, magic shield, antimagic bite, no potion heal 3, rot immunity
a: no special abilities


You were on level 2 of the Dungeon.
You were not hungry.

You visited 1 branch of the dungeon, and saw 2 of its levels.

You collected 113 gold pieces.

Inventory:

Hand Weapons
 e - a +0 club (weapon)
Armour
 a - a +0 robe (worn)
Jewellery
 d - an uncursed amulet of harm
 n - a cursed ring of attention (left hand)
Scrolls
 b - 3 scrolls of teleportation
Potions
 f - a potion of berserk rage {unknown}
 g - a potion of degeneration {unknown}
 h - a potion of resistance {unknown}
 k - a potion of might {unknown}
 l - a potion of flight {unknown}
Comestibles
 c - 2 rations
 j - 3 chunks of flesh


   Skills:
 - Level 1.5(0.2) Dodging
 - Level 2.4(1.0) Stealth
 + Level 3.1(1.6) Spellcasting
 + Level 4.5(3.0) Conjurations


You had 5 spell levels left.
You knew the following spells:

 Your Spells              Type           Power        Failure   Level  Hunger
a - Magic Dart            Conj           ##..         6%          1    ##.....
b - Searing Ray           Conj           ##....       9%          2    ###....

Your spell library contained the following spells:

 Spells                   Type           Power        Failure   Level  Hunger
 Dazzling Spray           Conj/Hex       #.....       34%         3    ####...
 Iskenderun's Mystic Bla  Conj           ##......     52%         4    #####..
 Force Lance              Conj/Tloc      #.......     75%         4    #####..
 Fulminant Prism          Conj/Hex       #.........   75%         4    #####..


Dungeon Overview and Level Annotations

Branches:
Dungeon (2/15)

Altars:


Innate Abilities, Weirdness & Mutations

You have extremely sharp teeth.
When hurt, damage is shared between your health and your magic reserves.
Your bite disrupts and absorbs the magic of your enemies.
Potions cannot restore your health.
You are immune to rotting.


Message History

You are poisoned.
The adder poisons you!
You feel sick. The adder bites you.
A giant cockroach comes into view.
The adder bites you. The adder bites you.
Casting: Searing Ray (safe; 9% risk of failure)
Confirm with . or Enter, or press ? or * to list all spells.
Aiming: Searing Ray (safe; 9% risk of failure)
Press: ? - help, Shift-Dir - straight line, p - goblin The searing ray misses the adder.
The searing ray hits the goblin.
The goblin is severely wounded. (Press . to maintain the ray.)
You feel sick. The adder bites you.
* * * LOW HITPOINT WARNING * * *
You are more poisoned.
The adder poisons you!
Your system rejects the healing.
You feel better. The adder closely misses you. The adder bites you.
You die...

# .# ###.# #..g#
#.#?######################
#>....sgS@........)......(
#.#...^###################
#.####.# # #.# #.# #?# #.#
...


You could see an adder, a giant cockroach and a goblin.

Vanquished Creatures
  2 oozes
  2 dart slugs (D:1)
  3 bats
  A giant cockroach (D:2)
  4 goblins (D:1)
  4 hobgoblins
  3 kobolds
  A frilled lizard (D:1)
  3 rats
23 creatures vanquished.

Notes
Turn   | Place    | Note
-------+----------+-------------------------------------------
     0 | D:1      | Heatsaber the Vine Stalker Conjurer began the quest for the
                  | Orb.
     0 | D:1      | Reached XP level 1. HP: 9/9 MP: 4/4
   139 | D:1      | Reached XP level 2. HP: 13/13 MP: 3/6
   143 | D:1      | Learned a level 2 spell: Searing Ray
   660 | D:2      | Reached XP level 3. HP: 16/16 MP: 8/8
   673 | D:2      | Found a faded altar of an unknown god.
  1054 | D:2      | Slain by an adder

Skill      XL: |  1  2  3 |
---------------+----------+-----
Spellcasting   | 3 |  3.1
Dodging        | |  1.5
Stealth        | |  2.4
Conjurations   | |  4.5

Action                   || total
-------------------------++-------
Melee: Unarmed           ||     4
       Bite              ||     7
       Club              ||    17
 Cast: Magic Dart        ||    39
       Searing Ray       ||     1
  Use: Scroll            ||     3
       Potion            ||     1
 Stab: Sleeping          ||     2
  Eat: Chunk             ||     1
Armor: Robe              ||     1
Dodge: Dodged            ||    17
